 Dungeon Crawl Stone Soup version 0.17-a0-2027-gcac42c4 (webtiles) character file.

60 graki42 the Insei (level 4, 0/28 HPs)
             Began as an Octopode Transmuter on Oct 11, 2015.
             Slain by a worm (6 damage)
             ... on level 2 of the Dungeon.
             The game lasted 00:03:47 (1360 turns).

graki42 the Insei (Octopode Transmuter)             Turns: 1360, Time: 00:03:47

Health: 0/28       AC:  1    Str:  9    XL:     4   Next: 6%
Magic:  5/7        EV: 13    Int: 15    God:
Gold:   76         SH:  0    Dex: 13    Spells: 2 memorised, 4 levels left

rFire  . . .     SeeInvis .       - Unarmed
rCold  . . .     Clarity  .     (no shield)
rNeg   . . .     SustAt   .     (helmet restricted)
rPois  .         Gourm    .     (no amulet)
rElec  .         Spirit   .     (no ring)
rCorr  .         Warding  .     (no ring)
rMut   .         Stasis   .     (no ring)
MR     .....                    (no ring)
Stlth  +++.......               (no ring)
                                (no ring)
                                (no ring)
                                (no ring)

@: lethally poisoned (0 -> -2), appendage (expiring), not resistant to hostile
enchantments, fairly stealthy
A: almost no armour, amphibious, 8 rings, constrict 8, tentacle spike 3,
camouflage 1, gelatinous body 1
a: End Transformation


You were on level 2 of the Dungeon.
You were not hungry.
One of your tentacles had a temporary spike.
You visited 1 branch of the dungeon, and saw 2 of its levels.

You collected 76 gold pieces.

Inventory:

Missiles
 a - 12 arrows
Wands
 j - a wand of random effects (26)
Scrolls
 g - a scroll of amnesia {unknown}
 h - 2 scrolls of remove curse {unknown}
Potions
 d - a potion of haste {unknown}
 e - a potion of curing
 f - a potion of invisibility {unknown}
 i - a potion of might {unknown}
 k - a potion of agility {unknown}
Books
 b - a book of Changes

   Spells                             Type                      Level
   a - Beastly Appendage              Transmutation                1
   b - Sticks to Snakes               Transmutation                2
   c - Spider Form                    Transmutation/Poison         3
   d - Ice Form                       Ice/Transmutation            4
   e - Blade Hands                    Transmutation                5
Comestibles
 c - a bread ration
 l - a chunk of flesh


   Skills:
 + Level 1.3 Fighting
 + Level 2.7 Dodging
 + Level 0.8 Stealth
 + Level 3.4 Unarmed Combat
 + Level 2.5 Spellcasting
 * Level 2.4 Transmutations


You had 4 spell levels left.
You knew the following spells:

 Your Spells              Type           Power        Failure   Level  Hunger
a - Beastly Appendage     Trmt           #.....       10%         1    #......
b - Spider Form           Trmt/Pois      #.........   43%         3    ###....


Dungeon Overview and Level Annotations

Branches:
Dungeon (2/15)

Altars:


Innate Abilities, Weirdness & Mutations

You cannot wear most types of armour.
You are amphibious.
You can wear up to eight rings at the same time.
You can use your tentacles to constrict eight enemies at once.
Your skin changes colour to match your surroundings (Stealth).
Your rubbery body absorbs attacks (AC +1).
One of your tentacles bears a large vicious spike.


Message History

You tentacle-slap the adder. You grab the adder.
Your tentacle spike misses the adder.
The adder is heavily wounded.
You constrict the adder.
You feel sick. The adder closely misses you.
You tentacle-slap the adder.
You pierce the adder.
You kill the adder!
You have reached level 4!
Your transformation is almost over.
You see here an adder corpse.
You feel sick. The worm bites you!
* * * LOW HITPOINT WARNING * * *
You tentacle-slap the worm. You grab the worm. You squeeze the worm.
The worm is heavily wounded.
You constrict the worm.
You tentacle-slap the worm but do no damage.
Your tentacle spike misses the worm.
You tentacle-slap the worm, but do no damage.
The worm is heavily wounded.
You constrict the worm. The worm bites you.
You die...

.......# .......#
#......# ##########
#......# #.........
#......# #.........#
#......# #.........#
#w.....# #.........#
#@.....+
#.........######†.....#
#.....................#
.).........####.......#
..)........####.......#
....................###
...........####.###.#
.................# .#
#..........####..# .#


You could see a worm.

Vanquished Creatures
  2 adders (D:2)
  An ooze (D:1)
  A giant gecko (D:1)
  2 bats (D:1)
  4 giant cockroaches
  2 hobgoblins
  3 jackals (D:1)
  7 kobolds
  4 giant newts
  9 goblins
  2 rats (D:1)
37 creatures vanquished.

Notes
Turn   | Place    | Note
--------------------------------------------------------------
     0 | D:1      | graki42 the Octopode Transmuter began the quest for the Orb.
     0 | D:1      | Reached XP level 1. HP: 13/13 MP: 3/3
    62 | D:1      | Reached XP level 2. HP: 15/18 MP: 3/5
   444 | D:1      | Reached XP level 3. HP: 17/23 MP: 4/6
  1297 | D:2      | Learned a level 3 spell: Spider Form
  1356 | D:2      | Reached XP level 4. HP: 17/28 MP: 5/7
  1360 | D:2      | Slain by a worm

Vault maps used:
D:1:      matt_arrival_grand_opening, serial_bayou_ford_a
D:2:      kennysheep_goblin_castle

Action                   |  1- 3 |  4- 6 || total
-------------------------+-------+-------++-------
Melee: Unarmed           |    89 |     2 ||    91
 Cast: Beastly Appendage |    30 |       ||    30
  Use: Potion            |     1 |       ||     1
 Stab: Sleeping          |     3 |       ||     3
  Eat: Chunk             |     2 |       ||     2
